 Dungeon Crawl Stone Soup version 0.20-a0-556-g892c87b (webtiles) character file.

11 drasked the Chiller (level 2, 19/19 HPs)
             Began as a Barachian Ice Elementalist on Feb 4, 2017.
             Quit the game on level 1 of the Dungeon.
             The game lasted 00:01:37 (544 turns).

drasked the Chiller (Barachian Ice Elementalist)     Turns: 544, Time: 00:01:38

Health: 19/19      AC:  2    Str:  6    XL:     2   Next: 25%
Magic:  5/5        EV: 12    Int: 13    God:
Gold:   5          SH:  0    Dex: 11    Spells: 4/5 levels left

rFire    . . .     SeeInvis .   h - +0 dagger
rCold    . . .     Gourm    .   a - +0 robe
rNeg     . . .     Faith    .   (no shield)
rPois    .         Spirit   .   (no helmet)
rElec    .         Reflect  .   (no cloak)
rCorr    .         Harm     .   (no gloves)
MR       .....                  (no boots)
Stlth    ++........             (no amulet)
Regen    0.1/turn               (no ring)
                                (no ring)

@: slow
A: swims, slowness 1, strong legs 1
a: Hop


You were on level 1 of the Dungeon.
You were not hungry.

You visited 1 branch of the dungeon, and saw 1 of its levels.

You collected 5 gold pieces.

Inventory:

Hand Weapons
 h - a +0 dagger (weapon)
   (You took it off a kobold on level 1 of the Dungeon)
Armour
 a - a +0 robe (worn)
Scrolls
 e - a scroll of fear {unknown}
 i - a scroll of remove curse {unknown}
 j - a scroll of immolation {unknown}
Potions
 f - 2 potions of curing {unknown}
Books
 b - a book of Frost
Comestibles
 c - 2 bread rations {@e1}
 d - 4 fruits
 g - a meat ration {@e2}


   Skills:
 - Level 2.0 Dodging
 - Level 2.0 Stealth
 + Level 2.3 Spellcasting
   Level 1.0 Conjurations
 + Level 3.7 Ice Magic


You had 4 spell levels left.
You knew the following spells:

 Your Spells              Type           Power        Failure   Level  Hunger
a - Freeze                Ice            ##..         8%          1    #......


Dungeon Overview and Level Annotations

Branches:
Dungeon (1/15)

Altars:


Innate Abilities, Weirdness & Mutations

You can swim through water.
You cover ground slowly.
You can hop short distances.


Message History

You can't see any susceptible monsters within range! (Use Z to cast anyway.)
The bat misses you. The bat hits you but does no damage.
You can't see any susceptible monsters within range! (Use Z to cast anyway.)
The bat completely misses you. The bat closely misses you. The bat misses you.
Aim: a bat You freeze the bat.
You kill the bat!
You now have 2/3 mp.
f - a fizzy blue potion Health restored: 13
g - a meat ration {@e2} A kobold comes into view.
It is wielding a dagger.
MP restored: 3 A kobold is nearby!
A kobold is nearby!
A kobold is nearby!
A kobold is nearby!
The kobold shouts!
You see here a scroll labeled JYTZI SECZIRY.
You closely miss the kobold. The kobold barely misses you.
Aim: a kobold, wielding a dagger You freeze the kobold.
You kill the kobold!
You have reached level 2!
Health restored: 19 You see here a dagger.
h - a dagger Wield which item (- for none, * to show all)? (? for menu, Esc to quit)
h - a +0 dagger (weapon)
Unknown command.
i - a scroll labeled JYTZI SECZIRY You now have 5 gold pieces.
A hobgoblin comes into view.
MP restored: 5 A hobgoblin is nearby!
A hobgoblin is nearby!
The hobgoblin shouts!
The hobgoblin barely misses you.
Aim: a hobgoblin You freeze the hobgoblin.
The hobgoblin barely misses you.
You now have 4/5 mp.
Aim: a hobgoblin (almost dead)
You freeze the hobgoblin.
You kill the hobgoblin!
You now have 3/5 mp.
f - 2 fizzy blue potions (gained 1)
A kobold comes into view. It is wielding an enchanted whip.
The kobold shouts!
The kobold throws a stone.
The stone closely misses you.
You see here a stone.
A kobold is nearby!
MP restored: 5 A kobold is nearby!
A kobold is nearby!
A hobgoblin comes into view. It is wielding a club.
Aim: a kobold, wielding an enchanted whip You freeze the kobold.
The hobgoblin shouts!
The kobold misses you.
You now have 4/5 mp.
Aim: a kobold, wielding an enchanted whip (moderately wounded)
You freeze the kobold.
The kobold hits you with an enchanted whip.
You take 5 damage, and have 14/19 hp.
MASSIVE DAMAGE!!
You now have 3/5 mp.
Aim: a kobold, wielding an enchanted whip (heavily wounded)
You freeze the kobold.
You kill the kobold!
You now have 2/5 mp.
Aim: a hobgoblin, wielding a club You miscast Freeze.
You are very lightly contaminated with residual magic.
Wisps of condensation drift from your hands.
The hobgoblin hits you with a club.
You take 2 damage, and have 12/19 hp.
You now have 1/5 mp.
Aim: a hobgoblin, wielding a club You freeze the hobgoblin.
The hobgoblin hits you with a club.
You take 4 damage, and have 8/19 hp.
MASSIVE DAMAGE!!
You now have 0/5 mp.
You hit the hobgoblin but do no damage.
The hobgoblin hits you but does no damage.
You hit the hobgoblin but do no damage.
The hobgoblin hits you but does no damage.
You hit the hobgoblin but do no damage. The hobgoblin misses you.
You hit the hobgoblin.
You kill the hobgoblin!
You start resting.
Your magical contamination has completely faded away.
You regained 2 mp, and now have 2/5 mp.
You start resting.
Health restored: 19; MP restored: 5
Items here: )) †† a club; an enchanted whip; a hobgoblin corpse; a kobold corpse
j - a scroll labeled QIZASA QETHRA
Found a stone staircase leading down.
Unknown command.
Unknown command.

.......#.## #(#
..........###.# >
##.##.....#...#
............#)#.#
#............####
#..###..........#
#...#......####.#
#.......##.# #
#.###.@###.#
........# #..
##.####.# ####
#.# #.# #.# #.#
#.#


There were no monsters in sight!

Vanquished Creatures
  A giant cockroach (D:1)
  A goblin (D:1)
  3 hobgoblins (D:1)
  3 kobolds (D:1)
  A bat (D:1)
9 creatures vanquished.

Notes
Turn   | Place    | Note
-------+----------+-------------------------------------------
     0 | D:1      | drasked the Barachian Ice Elementalist began the quest for the Orb.
     0 | D:1      | Reached XP level 1. HP: 13/13 MP: 3/3
   287 | D:1      | Reached XP level 2. HP: 19/19 MP: 3/5
   544 | D:1      | Quit the game

Vault maps used:
D:1:      lightli_arrival_maybe_door_vault, minmay_misc_feat_room

Action                   || total
-------------------------++-------
Melee: Unarmed           ||     2
       Dagger            ||     4
 Cast: Freeze            ||    15
 Abil: Hop               ||     1
Armor: Robe              ||     2
Dodge: Dodged            ||    13

Vault maps used:
D:1:      lightli_arrival_maybe_door_vault, minmay_misc_feat_room

Table legend:
 A = Turns spent in this place as a percentage of turns spent in the entire game.
 B = Non-inter-level travel turns spent in this place as a percentage of non-inter-level travel turns spent in the entire game.
 C = Inter-level travel turns spent in this place as a percentage of turns spent in this place.
 D = Turns resting spent in this place as a percentage of non-inter-level travel turns spent in this place.
 E = Turns spent auto-exploring this place as a percentage of non-inter-level travel turns spent in this place.
 F = Non-inter-level travel turns spent in this place divided by the number of levels of this place that you've seen.
                   A       B       C       D       E      F
               +-------+-------+-------+-------+-------+----------------------
         Total | 100.0 | 100.0 |   0.0 |   9.2 |   9.9 | 152.0
       Dungeon | 100.0 | 100.0 |   0.0 |   9.2 |   9.9 | 152.0
               +-------+-------+-------+-------+-------+----------------------

Table legend:
 A = Kills in this place as a percentage of kills in entire the game.
 B = Kills by you in this place as a percentage of kills by you in the entire game.
 C = Kills by friends in this place as a percentage of kills by friends in the entire game.
 D = Other kills in this place as a percentage of other kills in the entire game.
 E = Experience gained in this place as a percentage of experience gained in the entire game.
 F = Experience gained in this place divided by the number of levels of this place that you have seen.
                   A       B       C       D       E      F
               +-------+-------+-------+-------+-------+----------------------
         Total | 100.0 | 100.0 |  -nan |  -nan | 100.0 |  16.0
       Dungeon | 100.0 | 100.0 |  -nan |  -nan | 100.0 |  16.0
               +-------+-------+-------+-------+-------+----------------------
